Description

X

Replay - 1 PvZ - [SpIyce]Stats vs [ASTsc]soO - Stasis LE

Build Order

Get SALT Encoding   

  13  0:12  Overlord  
  16  0:49  Hatchery  
  18  1:10  Spawning Pool, Extractor  
  20  1:49  Zergling x2, Queen x2, Overlord  
  26  2:10  Metabolic Boost  
  30  2:40  Hatchery  
  31  2:46  Zergling x2, Queen, Overlord  
  36  3:15  Overlord x3  
  44  3:40  Queen  
  47  3:45  Zergling x4, Spore Crawler, Overlord  
  51  4:00  Queen  
  57  4:10  Lair, Spore Crawler, Extractor x2  
  64  4:36  Zergling x2, Spore Crawler, Roach Warren  
  67  4:57  Extractor, Overlord x3  
  70  5:16  Roach x7, Overlord  
  86  5:29  Evolution Chamber, Hydralisk Den, Extractor, Glial Reconstitution  
  91  6:02  Roach x2, Overseer, Hatchery, Overlord x5  
  95  6:27  Grooved Spines, Zerg Missile Weapons Level 1, Overlord x2  
  95  6:36  Pneumatized Carapace, Hydralisk x7, Hatchery  
  108  6:58  Extractor  
  110  7:11  Hydralisk x8, Queen, Infestation Pit  
  126  7:32  Overlord x3  
  128  7:42  Overseer, Muscular Augments, Extractor x2  
  131  8:03  Spire, Roach x4, Hive  
  140  8:23  Roach x5, Hatchery, Zerg Missile Weapons Level 2  
  150  8:57  Hydralisk x6, Roach x4  
  167  9:12  Overlord x6  
Spawning Tool Build Advisor. Get it on Overwolf

Analysis

X

Go to:

Details

  • Created by: Kunati
  • Published on: Jan 09, 2019
  • Modified on: Jan 12, 2019
  • Patch: 4.7.1
Show
View Real Time Build Order
Export as new Build Order

Comments (0)

There are no comments. Be the first!

Create an account to comment!